 Dungeon Sprint DCSS version 0.30.1-4-g462c640d31 (webtiles) character file.

Game seed: 5076120097993477500

926 Heoruswealwe the Warrior (level 8, -3/110 HPs)
             Began as an Ogre Gladiator on Sept 18, 2023.
             Was an Initiate of Gozag.
             Slain by a cyclops (21 damage)
             ... in the Dungeon (Sprint V: "Ziggurat Sprint").
             The game lasted 00:08:19 (533 turns).

Heoruswealwe the Warrior (Ogre Gladiator)            Turns: 533, Time: 00:08:21

Health: -3/110     AC: 18    Str: 33    XL:     8   Next: 10%
Magic:  8/8        EV:  4    Int:  9    God:    Gozag
Gold:   1079       SH:  0    Dex: 10    Spells: 7/7 levels left

rFire   + + +        a - +7 great mace "Firestarter" {flame, immolate, rFlCloud rF++}
rCold   + . .        (shield currently unavailable)
rNeg    . . .        c - +5 gold dragon scales
rPois   +            g - +0 hat
rElec   .            (no cloak)
rCorr   .            (gloves unavailable)
SInv    .            (boots unavailable)
Will    .....        (no amulet) Stlth
                     k - +6 ring of strength
HPRegen 0.38/turn    j - +6 ring of strength
MPRegen 0.11/turn

%: no teleportation
@: studying Hexes
A: large, unfitting armour, tough skin 1
a: Renounce Religion, Potion Petition, Call Merchant, Bribe Branch


You were in the Dungeon.
You worshipped Gozag.
Gozag was most pleased with you.
You visited 1 branch You collected 1079 gold pieces.

Inventory:

Hand Weapons
 a - the +7 great mace "Firestarter" (weapon) {flame, immolate, rFlCloud rF++}
   (You found it in the Dungeon)

   rFlCloud:  It grants immunity to clouds of flame.
   rF:        It greatly protects you from fire.
 b - the +10 dark maul {heavy}
   (You found it in the Dungeon)
Armour
 c - +5 gold dragon scales (worn)
 g - a +0 hat (worn)
Jewellery
 j - a +6 ring of strength (right hand)
 k - a +6 ring of strength (left hand)
Wands
 i - a wand of digging (9)
Scrolls
 e - 4 scrolls of enchant weapon
 B - 4 scrolls of blinking
Potions
 d - 7 potions of heal wounds
 f - 8 potions of curing
 h - 6 potions of haste
 m - 2 potions of invisibility
 n - 4 potions of resistance
 p - 5 potions of might
 C - 3 potions of berserk rage


   Skills:
 + Level 15.9 Fighting
 + Level 11.6 Maces & Flails
 - Level 2.0 Throwing
 - Level 2.6 Dodging


You had 7 spell levels left.
You didn't know any spells.
Your spell library contained the following spells:

 Spells                   Type           Power      Damage    Failure   Level
 Freeze                   Ice            0%         1d3       100%        1
 Summon Small Mammal      Summ           0%         N/A       100%        1
 Ensorcelled Hibernation  Hex/Ice        0%         N/A       100%        2
 Frozen Ramparts          Ice            0%         1d1       100%        3
 Portal Projectile        Hex/Tloc       0%         N/A       100%        3
 Summon Guardian Golem    Hex/Summ       0%         N/A       100%        3
 Alistair's Intoxication  Tmut/Pois      0%         N/A       100%        5
 Borgnjor's Vile Clutch   Necr/Erth      0%         N/A       100%        5
 Death Channel            Necr           0%         N/A       100%        6
 Dispersal                Tloc           0%         N/A       100%        6
 Enfeeble                 Hex            0%         N/A       100%        7
 Spellforged Servitor     Conj/Summ      0%         N/A       100%        7
 Ignition                 Fire           0%         3d3       100%        8
 Animate Dead             Necr           Unusable   N/A       N/A         4
 Simulacrum               Ice/Necr       Unusable   N/A       N/A         6

Dungeon Overview and Level Annotations

Branches:
Dungeon (1/1)

Altars:
Ashenzari
Cheibriados
Dithmenos
Elyvilon
Fedhas
Gozag
Hepliaklqana
Kikubaaqudgha
Makhleb
Nemelex Xobeh
Okawaru
Qazlal
Ru
Sif Muna
Trog
Uskayaw
Vehumet
Wu Jian
Xom
Yredelemnul
Zin
The Shining One
Jiyva
Lugonu

Annotations:
D 1 transporter


Innate Abilities, Weirdness & Mutations

You are too large for most types of armour.
You have tough skin. (AC +1)


Message History

The merfolk shouts! x2; The cyclops shouts! x2
Found six items.
Found a transporter.
The cyclops throws a large rock.
The large rock hits you but does no damage.
The merfolk barely misses you. The wind drake flaps its wings at you.
The air twists around and strikes you. The merfolk hits you with a +0 trident.
The merfolk hits you but does no damage.
The merfolk hits you from afar with a +0 trident!
The cyclops hits you!
You miss the wind drake. The merfolk barely misses you.
The merfolk hits you from afar with a +0 trident. x2
The wind drake bites you but does no damage.
The cyclops hits you but does no damage.
The merfolk hits you from afar with a +0 trident!
The merfolk hits you but does no damage.
You miss the wind drake.
The wind drake exhales a fierce blast of wind!
The cyclops is knocked back by the gust of wind.
The merfolk hits you from afar with a +0 trident! x2
* * * LOW HITPOINT WARNING * * *
The merfolk barely misses you.
The wind drake bites you but does no damage.
The cyclops completely misses you.
You feel much better.
The merfolk hits you from afar with a +0 trident!
The wind drake bites you.
The merfolk hits you from afar with a +0 trident.
* * * LOW HITPOINT WARNING * * *
The merfolk hits you with a +0 trident!
* * * LOW HITPOINT WARNING * * *
You feel much better.
The merfolk hits you from afar with a +0 trident.
The cyclops hits you!!
* * * LOW HITPOINT WARNING * * *
The wind drake bites you but does no damage.
The cyclops hits you!!
You die...
Your body crumbles into a pile of gold.

▓..))....▓.▓....▓.▓
▓...©....▓...©....▓
▓▓▓▓▓▓▓▓▓▓▓▓▓▓▓▓▓▓▓
▓..8©8..▓ ▓..)//..▓
▓../))..▓ ▓...mm..▓
▓...Cm..▓ ▓..C@k..▓
▓.......▓ ▓.▓...▓.▓
▓...©...▓ ▓▓▓▓▓▓▓▓▓


You could see a wind drake (repels missiles), 3 merfolk and 2 cyclopes.

Vanquished Creatures
  A tarantella (D)
  A naga (D)
  2 phantoms (D)
  5 scorpions (D)
  2 necrophages (D)
  An orc priest (D)
  3 orcs (D)
  2 ball pythons (D)
  A ball python skeleton (D)
18 creatures vanquished.

Notes
Turn   | Place    | Note
-------+----------+-------------------------------------------
     0 | D        | Heoruswealwe the Ogre Gladiator began the quest for the
                  | Orb.
     0 | D        | Reached XP level 1. HP: 22/22 MP: 1/1
     0 | D        | Found a shimmering blue altar of Sif Muna.
     0 | D        | Found a sacrificial altar of Ru.
     0 | D        | Found a bloodstained altar of Trog.
     0 | D        | Found a stormy altar of Qazlal.
     0 | D        | Found an iron altar of Okawaru.
     0 | D        | Found a sparkling altar of Nemelex Xobeh.
     0 | D        | Found a blossoming altar of Fedhas.
     0 | D        | Found the +6 Majin-Bo {spellvamp, MP+6 Int+6}
     0 | D        | Found the +27 heavy crossbow "Sniper" {heavy, Acc+∞ SInv}
     0 | D        | Found the +10 dark maul {heavy}
     0 | D        | Found the +15 Maxwell's patent armour {-Cast -Tele rElec
                  | Will+ rCorr}
     0 | D        | Found the +18 shield of the Gong {Loud rN+ Will+ rCorr
                  | EV-5}
     0 | D        | Found the +16 obsidian axe {drain, demonic, Mesm Drain Fly
                  | SInv}
     0 | D        | Found the +7 great mace "Firestarter" {flame, immolate,
                  | rFlCloud rF++}
     0 | D        | Found the +6 shillelagh "Devastator" {shatter}
     0 | D        | Found the +11 plutonium sword {Contam Stlth-}
     0 | D        | Found the +8 lance "Wyrmbane" {slay drac, rPois rF+ rC+
                  | AC+3}
     0 | D        | Found the +9 sword of Zonguldrok {reap}
     0 | D        | Found the +13 scythe of Curses {drain, curses, Drain}
     0 | D        | Found the +9 sword of Power {lifebolt}
     0 | D        | Found the +7 mace of Variability {chaos, chaos arc}
     0 | D        | Found the +11 Singing Sword {sonic wave}
     0 | D        | Found the +8 storm bow {elec, penet}
     2 | D        | Found a transporter.
     2 | D        | Found an ancient bone altar of Kikubaaqudgha.
     2 | D        | Found a viscous altar of Jiyva.
     2 | D        | Found a corrupted altar of Lugonu.
     2 | D        | Found a hazy altar of Hepliaklqana.
     2 | D        | Found a burning altar of Makhleb.
     2 | D        | Found an opulent altar of Gozag.
    24 | D        | Became a worshipper of Gozag Ym Sagoz the Greedy
    68 | D        | Reached skill level 7 in Fighting
    68 | D        | Reached skill level 5 in Maces & Flails
    68 | D        | Reached XP level 2. HP: 40/40 MP: 2/2
   110 | D        | Entered arena 2.
   110 | D        | Noticed a scorpion
   110 | D        | Noticed a scorpion
   110 | D        | Found a transporter.
   112 | D        | Killed a scorpion
   113 | D        | Reached skill level 9 in Fighting
   113 | D        | Reached XP level 3. HP: 50/50 MP: 3/3
   113 | D        | Reached XP level 4. HP: 59/59 MP: 4/4
   113 | D        | Killed a scorpion
   114 | D        | Reached skill level 10 in Fighting
   114 | D        | Reached XP level 5. HP: 70/70 MP: 5/5
   124 | D        | Entered arena 3.
   124 | D        | Noticed a naga
   124 | D        | Found a transporter.
   131 | D        | Killed a naga
   132 | D        | Reached skill level 12 in Fighting
   132 | D        | Reached XP level 6. HP: 48/83 MP: 6/6
   147 | D        | Got the Textbook on the Red Wendigo
   269 | D        | Entered arena 4.
   269 | D        | Noticed a tarantella
   269 | D        | Found a transporter.
   278 | D        | Reached skill level 13 in Fighting
   280 | D        | Reached skill level 10 in Maces & Flails
   293 | D        | Killed a tarantella
   294 | D        | Reached skill level 14 in Fighting
   294 | D        | Reached XP level 7. HP: 49/97 MP: 7/7
   432 | D        | Got the Incunable of the Oath and Correspondence
   436 | D        | Entered arena 5.
   436 | D        | Found a transporter.
   455 | D        | Got the Spellbook of Arctic Poisoning
   460 | D        | Got the Omnibus of the Goldsmith
   472 | D        | Entered arena 6.
   472 | D        | Found a transporter.
   478 | D        | Reached skill level 15 in Fighting
   482 | D        | Reached XP level 8. HP: 100/109 MP: 8/8
   526 | D        | Entered arena 7.
   526 | D        | Noticed a merfolk
   526 | D        | Noticed a merfolk
   526 | D        | Noticed a wind drake
   526 | D        | Noticed a cyclops
   526 | D        | Noticed a cyclops
   526 | D        | Noticed a merfolk
   527 | D        | Found a transporter.
   533 | D        | Slain by a cyclops

Illustrated notes

Levels and vault maps discovered:
D:        sprint_v [room_start, room_1, room_2, room_3, room_4, room_5, room_6,
          room_7, room_8, room_9, room_10, room_11, room_12, room_13, room_14,
          room_15, room_16, room_17, room_18, room_19, room_20, room_21,
          room_22, room_23, room_24, room_25, room_26, room_27]

Skill      XL: |  1  2  3  4  5  6  7 |
---------------+----------------------+-----
Fighting       | 7 9 10 12 14 15 | 15.9
Maces & Flails | 5 6 7 8 10 11 | 11.6
Throwing       | |  2.0
Dodging        | |  2.6

Action                     |  1- 3 |  4- 6 |  7- 9 || total
---------------------------+-------+-------+-------++-------
  Melee: Great mace        |     1 |    22 |    15 ||    38
    Use: Potion            |     1 |     3 |     2 ||     6
 Armour: Gold dragon scale |     1 |    37 |    20 ||    58
  Dodge: Dodged            |     1 |    10 |     9 ||    20
